 Dungeon Crawl Stone Soup version 0.30-a0-756-gc2185399d4 (webtiles) character file.

Game seed: 13185146878825241984

64990 kae the Warrior (level 15, -6/103 HPs)
             Began as a Gargoyle Earth Elementalist on Feb 8, 2023.
             Was a High Priest of Vehumet.
             Mangled by a dire elephant (17 damage)
             ... on level 5 of the Lair of Beasts on Feb 9, 2023.
             The game lasted 00:20:20 (18881 turns).

kae the Warrior (Gargoyle Earth Elementalist)      Turns: 18881, Time: 00:20:20

Health: -6/103     AC: 21    Str: 14    XL:     15   Next: 14%
Magic:  2/36       EV: 19    Int: 21    God:    Vehumet [*****.]
Gold:   1115       SH:  5    Dex: 10    Spells: 9/30 levels left

rFire   . . .      SeeInvis .    I - +0 staff of Battle
rCold   . . .      Faith    .    (no shield)
rNeg    + . .      Spirit   .    U - +0 steam dragon scales
rPois   ∞          Reflect  +    (no helmet)
rElec   +          Harm     .    o - +1 cloak {Stlth+}
rCorr   .          Rampage  .    (no gloves)
Will    +....                    (no boots)
Stlth   +++                      w - amulet of reflection
HPRegen 0.37/turn                E - +5 ring of evasion
MPRegen 0.25/turn                W - ring of magical power

@: brilliant, flying
A: sickness immunity, AC +11, big wings, negative energy resistance 1,
electricity resistance, torment resistance 1, petrification resistance
a: Renounce Religion


You were on level 5 of the Lair of Beasts.
You worshipped Vehumet.
Vehumet was extremely pleased with you.
You visited 3 branches of the dungeon, and saw 15 of its levels.
You also visited: Ossuary.

You collected 1115 gold pieces.


Innate Abilities, Weirdness & Mutations

You are immune to sickness and miasma.
Your stone body is resilient. (AC +11)
You are immune to poison.
Your large and strong wings let you fly.
You resist negative energy. (rN+)
You are resistant to electric shocks. (rElec)
You are resistant to unholy torment.
You are immune to petrification.


   Skills:
 - Level 15.0 Fighting
 + Level 10.4 Armour
 + Level 8.2 Dodging
 - Level 2.1 Stealth
 - Level 8.0 Spellcasting
 - Level 13.0 Conjurations
 - Level 0.7 Transmutations
 - Level 14.1 Earth Magic


You had 9 spell levels left.
You knew the following spells:

 Your Spells              Type           Power      Damage    Failure   Level
a - Sandblast             Erth           100%       2d20      1%          1
b - Stone Arrow           Conj/Erth      100%       3d13      1%          3
c - Iron Shot             Conj/Erth      49%        9d9       1%          6
d - Lee's Rapid Deconstr  Erth           40%        3d20*     1%          5
e - Petrify               Tmut/Erth      56%        N/A       3%          4
f - Passwall              Tmut/Erth      46%        N/A       1%          2

Your spell library contained the following spells:

 Spells                   Type           Power      Damage    Failure   Level
 Arcjolt                  Conj/Air       34%        1d44      4%          5
 Shock                    Conj/Air       100%       1d9       1%          1
 Sticky Flame             Conj/Fire      69%        2d8       1%          4
 Iskenderun's Battlesphe  Conj           96%        2d14      1%          5
 Animate Armour           Summ/Erth      100%       N/A       4%          4
 Fireball                 Conj/Fire      34%        3d14      4%          5
 Ignite Poison            Fire/Tmut/Pois 14%        N/A       6%          3
 Kindle Blastsparks       Fire/Tloc/Air  24%        2d12      7%          3
 Necrotise                Necr           48%        1d6       8%          1
 Summon Small Mammal      Summ           48%        N/A       8%          1
 Orb of Destruction       Conj           48%        9d13      9%          7
 Freezing Cloud           Conj/Ice/Air   28%        6-21      11%         5
 Call Imp                 Summ           12%        N/A       12%         2
 Ensorcelled Hibernation  Hex/Ice        24%        N/A       12%         2
 Airstrike                Air            6%         2d(1-17)  21%         4
 Conjure Ball Lightning   Conj/Air       34%        3x3d11    21%         6
 Call Canine Familiar     Summ           12%        N/A       24%         3
 Ozocubu's Armour         Ice            12%        N/A       24%         3
 Summon Guardian Golem    Hex/Summ       12%        N/A       24%         3
 Swiftness                Air            12%        N/A       24%         3
 Vampiric Draining        Necr           12%        2d6       24%         3
 Blade Hands              Tmut           8%         N/A       86%         5
 Agony                    Necr           12%        N/A       91%         5
 Monstrous Menagerie      Summ           6%         N/A       100%        7
 Ozocubu's Refrigeration  Ice            6%         4d8       100%        7
 Ignition                 Fire           6%         3d4       100%        8
 Dragon's Call            Summ           6%         N/A       100%        9

Inventory:

Hand Weapons
 e - a +0 whip
   (You took it off a kobold on level 1 of the Dungeon)
 I - the +0 staff of Battle (weapon)
   (You found it on level 8 of the Dungeon)

   It enhances your conjuration magic.
   It summons a battlesphere in combat, with strength depending on Conjurations
   skill.
   Its strikes trigger the battlesphere's blasts.
Missiles
 d - 8 boomerangs
 r - 137 stones
 s - 4 curare-tipped darts {=f}
 x - 15 poisoned darts
 T - 6 datura-tipped darts
Armour
 a - a +1 robe
 o - a +1 cloak of stealth (worn)
   (You took it off Crazy Yiuf on level 3 of the Dungeon)
 U - +0 steam dragon scales (worn)
   (You found it on level 2 of the Lair of Beasts)
Magical Staves
 H - a staff of earth {!a}
   (You acquired it on level 8 of the Dungeon)
Jewellery
 c - a ring of ice
   (You found it on level 8 of the Dungeon)
 w - an amulet of reflection (around neck)
   (You took it off an orc on level 7 of the Dungeon)
 A - an amulet of the acrobat
   (You took it off a meliai on level 9 of the Dungeon)
 C - a ring of protection from cold
   (You found it on level 4 of the Dungeon)
 E - a +5 ring of evasion (left hand)
   (You found it on level 2 of the Dungeon)
 F - a ring of fire
   (You found it on level 3 of the Dungeon)
 W - a ring of magical power (right hand)
   (You found it on level 4 of the Dungeon)
 Y - the ring "Fuashroip" {rElec rPois rF+}
   (You found it on level 5 of the Lair of Beasts)

   [ring of protection from fire]

   rF:        It protects you from fire.
   rElec:     It insulates you from electricity.
   rPois:     It protects you from poison.
Wands
 l - a wand of digging (8)
   (You took it off Ijyb on level 3 of the Dungeon)
 u - a wand of charming (16)
   (You found it on level 7 of the Dungeon)
 L - a wand of polymorph (5)
   (You found it on level 9 of the Dungeon)
 P - a wand of flame (27)
   (You found it on level 1 of the Lair of Beasts)
 Q - a wand of roots (8)
   (You found it on level 1 of the Lair of Beasts)
Scrolls
 g - 3 scrolls of blinking {!r}
 q - 3 scrolls of immolation {!r!r}
 t - 4 scrolls of teleportation {@r4}
 y - 4 scrolls of magic mapping {!r}
 B - 2 scrolls of poison
 D - 9 scrolls of identify {@r1}
 G - 2 scrolls of torment {!r}
 J - 2 scrolls of fog
 S - 2 scrolls of vulnerability {!r!r}
 V - a scroll of summoning
 X - a scroll of fear
Potions
 b - 3 potions of magic
 f - 2 potions of flight
 h - 10 potions of curing {@q1}
 i - 2 potions of degeneration {!q}
 j - 3 potions of mutation {!q}
 k - a potion of cancellation
 m - 4 potions of brilliance
 n - 8 potions of ambrosia
 p - 4 potions of might
 v - 5 potions of heal wounds {@q2}
 z - 4 potions of haste {@q3}
 K - 3 potions of lignification {!q}
 O - 2 potions of attraction {!q}
 R - a potion of berserk rage {!q}
 Z - a potion of resistance {unknown}
Miscellaneous
 M - a condenser vane
   (You found it on level 9 of the Dungeon)
 N - a tin of tremorstones (2/2)
   (You found it on level 9 of the Dungeon)

Dungeon Overview and Level Annotations

Branches:
Dungeon (9/15) Zot: 25193  Temple (1/1) D:7 Zot: 5930    Lair (5/5) D:9 Zot: 21277
  Swamp (0/4) Lair:3       Spider (0/4) Lair:3        Slime (0/5) Lair:4
Ossuary (visited)
    Orc: D:9-12

Altars:
Ashenzari
Cheibriados
Dithmenos
Elyvilon
Fedhas
Gozag
Hepliaklqana
Kikubaaqudgha
Makhleb
Nemelex Xobeh
Okawaru
Qazlal
Ru
Sif Muna
Trog
Uskayaw
Vehumet
Wu Jian
Yredelemnul
Zin
The Shining One
Jiyva

Annotations:
D:7 exclusion: oklob plant
Lair:5 exclusion: obsidian statue

##...#####..P#♣.........
#...##8..'.P.#♣........#
##...'..######..........
#...'...P# #♣..[.......
#..#####.# ♣..........#
#.P.'.P#.##♣.#......#..
###.☼..#P.#♣..#P.......
###..##.##..P..#P....
#.@.#.###P...##...[
#8Y8#P..#♣..###....
##p####.##...#.#... #..
#..#.....#... ..~≈
##.#.P.###... ~~≈≈~
#.#...# ###.
#~≈≈≈~.#.#..## #.
##~≈≈.##.#..## ##.
#''####.#...####.#


You could see a dire elephant and a necromancer.


Message History

You take 9 damage, and now have 26/103 hp.
Casting: Iron Shot (dangerous; 1% risk of failure)
Confirm with . or Enter, or press ? or * to list all spells.
Aiming: Iron Shot (dangerous; 1% risk of failure)
Press: ? - help, Shift-Dir - straight line, f - dire elephant simulacrum
Aim: a dire elephant simulacrum (100% to hit)
You feel a strong surge of power!
The iron shot hits the dire elephant simulacrum!!!
Your battlesphere fires!
The barrage of energy hits the dire elephant but does no damage.
The dire elephant tramples your battlesphere.
Your battlesphere holds its ground!
The dire elephant trunk-slaps your battlesphere.
Unknown command. 😨 HP[+1] MP[-3]
You lost 3 mp, and now have 8/36 mp.
Casting: Iron Shot (dangerous; 1% risk of failure)
Confirm with . or Enter, or press ? or * to list all spells.
Aiming: Iron Shot (dangerous; 1% risk of failure)
Press: ? - help, Shift-Dir - straight line, f/p - dire elephant simulacrum
Aim: a dire elephant simulacrum (almost destroyed, 100% to hit)
You feel a strong surge of power!
The iron shot hits the dire elephant simulacrum!!
The dire elephant's soul is no longer bound.
Your battlesphere fires!
The barrage of energy hits the dire elephant.
The dire elephant misses you.
The dire elephant closely misses you. 😨 MP[-2]
You lost 2 mp, and now have 6/36 mp.
Unknown command.
Casting: Iron Shot (dangerous; 1% risk of failure)
Confirm with . or Enter, or press ? or * to list all spells.
Aiming: Iron Shot (dangerous; 1% risk of failure)
Press: ? - help, Shift-Dir - straight line, f - dire elephant
Aim: a dire elephant (lightly wounded, 100% to hit)
You feel a strong surge of power!
The iron shot hits the dire elephant!!!
Your battlesphere fires!
The barrage of energy hits the dire elephant!!
Your battlesphere is engulfed in freezing vapours.
The dire elephant closely misses you. x2 😨 MP[-3]
You lost 3 mp, and now have 3/36 mp.
Unknown command.
Casting: Iron Shot (dangerous; 1% risk of failure)
Confirm with . or Enter, or press ? or * to list all spells.
Aiming: Stone Arrow (safe; 1% risk of failure)
Press: ? - help, Shift-Dir - straight line, f/p - dire elephant
Aim: a dire elephant (severely wounded, ally target, 100% to hit)
You feel a strong surge of power!
The stone arrow hits the dire elephant!!
Your battlesphere fires!
The barrage of energy hits the dire elephant!!
You kill the dire elephant!
Vehumet accepts your kill.
You feel your power returning. 😨 HP[+1] MP[+4]
You regained 4 mp, and now have 7/36 mp.
Unknown command.
Casting: Stone Arrow (safe; 1% risk of failure)
Confirm with . or Enter, or press ? or * to list all spells.
Aiming: Stone Arrow (safe; 1% risk of failure)
Press: ? - help, Shift-Dir - straight line, f - dire elephant
Aim: a dire elephant (soul bound, 100% to hit)
You feel a strong surge of power!
The stone arrow hits the dire elephant!
Your battlesphere fires!
The barrage of energy hits the dire elephant but does no damage.
The dire elephant barely misses you. The dire elephant trunk-slaps you!
* * * LOW HITPOINT WARNING * * *
😱 HP[-9] MP[-2]
You take 9 damage, and now have 19/103 hp.
You lost 2 mp, and now have 5/36 mp.
Unknown command.
Casting: Stone Arrow (safe; 1% risk of failure)
Confirm with . or Enter, or press ? or * to list all spells.
Aiming: Stone Arrow (safe; 1% risk of failure)
Press: ? - help, Shift-Dir - straight line, f/p - dire elephant
Aim: a dire elephant (lightly wounded, soul bound, 100% to hit)
You feel a strong surge of power!
The stone arrow hits the dire elephant!!
Your battlesphere fires!
The barrage of energy hits the dire elephant!
The dire elephant tramples you but does no damage.
The dire elephant trunk-slaps you!
* * * LOW HITPOINT WARNING * * *
😱 HP[-8] MP[-1]
You take 8 damage, and now have 11/103 hp.
You lost 1 mp, and now have 4/36 mp.
Unknown command.
Casting: Stone Arrow (safe; 1% risk of failure)
Confirm with . or Enter, or press ? or * to list all spells.
Aiming: Stone Arrow (safe; 1% risk of failure)
Press: ? - help, Shift-Dir - straight line, f/p - dire elephant
Aim: a dire elephant (heavily wounded, soul bound, ally target, 100% to hit)
You feel a strong surge of power!
The stone arrow hits the dire elephant!
The dire elephant's soul is no longer bound.
Your battlesphere fires!
The barrage of energy hits the dire elephant.
Your battlesphere expends the last of its energy and dissipates.
The dire elephant tramples you!
You die...

Skill      XL: |  1  2  3  4  5  6  7  8  9 10 11 12 13 14 15 |
---------------+----------------------------------------------+-----
Earth Magic    | 4 5 6 7 9 11 13 14 | 14.1
Conjurations   | 1 2 3 4 5 7 9 11 13 | 13.0
Spellcasting   | 3 4 5 6 7 8 |  8.0
Fighting       | 3 11 15 | 15.0
Armour         | 4 9 10 | 10.4
Dodging        | 3 7 8 |  8.2
Stealth        | |  2.1
Transmutations | |  0.7

Action                     |  1- 3 |  4- 6 |  7- 9 | 10-12 | 13-15 || total
---------------------------+-------+-------+-------+-------+-------++-------
  Melee: Unarmed           |    14 |       |       |       |       ||    14
         Whip              |    40 |    31 |    18 |       |       ||    89
         Staff             |       |       |       |     3 |    37 ||    40
         Punch             |       |       |       |       |     1 ||     1
   Cast: Sandblast         |    33 |    62 |   196 |   159 |   119 ||   569
         Stone Arrow       |       |     3 |    40 |   149 |   261 ||   453
         Iron Shot         |       |       |       |       |    41 ||    41
  Evoke: Condenser vane    |       |       |       |     1 |       ||     1
    Use: Scroll            |     2 |     8 |     7 |     8 |     2 ||    27
         Potion            |       |     1 |       |       |     1 ||     2
   Stab: Sleeping          |       |       |       |       |     1 ||     1
 Armour: Robe              |    25 |    30 |    28 |    75 |     7 ||   165
         Steam dragon scal |       |       |       |       |    85 ||    85
  Dodge: Dodged            |    33 |    34 |    91 |   182 |   191 ||   531
  Block: Other             |       |       |     7 |    52 |    51 ||   110

Levels and vault maps discovered:
D:1:      evilmike_arrival_rings, layout_basic,
          dilly_ecumenical_altar_fadedgnrine, minivault_25, st_stairs_13,
          minmay_tetromino_o4
D:2:      layout_basic, uniq_natasha, uniq_robin
D:3:      layout_loops_cross, lemuel_tele_altar, uniq_crazy_yiuf_cottage,
          uniq_ijyb
D:4:      layout_basic, ashenzari_conservatory_becter, lemuel_crystal_altar
D:5:      layout_rooms, minmay_overflow_temple_hex, uniq_duvessa
D:6:      layout_gridville, mainiacjoe_overflow_six_doors_small
D:7:      layout_loops_cross, tgw_fedhas, kiku_gazebo_garden_becter,
          minmay_temple_entry_slanted, reono_crystal_passage
D:8:      layout_loops_corners, lemuel_doored_altar, gup_ossuary_entry_pyramid,
          hellmonk_guarded_unrand_staff_of_battle
D:9:      layout_rooms, dpeg_lair_monsters, minmay_crystal_water, nicolae_wwwww,
          minmay_the_grid_2x2 [minmay_the_grid_mess,
          minmay_the_grid_minigrid_small_alt, minmay_the_grid_all_tris,
          minmay_the_grid_prize_shrinking_boxes]
Temple:   nicolae_temple_ecumenical_triangle
Lair:1:   layout_cave_pods, st_stairs_13, grunt_forest_large_clearings,
          infiniplex_staircase_pool
Lair:2:   layout_small_grid, bobbens_dragon_lair_wall, grunt_megastairs_1
Lair:3:   layout_roguey [special_room_bee], nicolae_swamp_entry_spooky,
          hellmonk_spider_entry_not_the_bees, minivault_23, grunt_megastairs_5
Lair:4:   layout_cave_pods, minmay_slime_entry_pillars, lemuel_fruit_tree
Lair:5:   due_jungle_book, layout_loops_ring, infiniplex_staircase_pool_2

Notes
Turn   | Place    | Note
-------+----------+-------------------------------------------
     0 | D:1      | kae the Gargoyle Earth Elementalist began the quest for the
                  | Orb.
     0 | D:1      | Reached XP level 1. HP: 10/10 MP: 3/3
     0 | D:1      | magus.rc [v1.11.3]
   185 | D:1      | Reached skill level 4 in Earth Magic
   186 | D:1      | Reached XP level 2. HP: 15/15 MP: 1/5
   291 | D:1      | HP: 3/15 [constriction (1)]
   292 | D:1      | HP: 1/15 [constriction (1)]
   427 | D:1      | Reached XP level 3. HP: 12/19 MP: 3/6
   449 | D:1      | Learned a level 3 spell: Stone Arrow
   452 | D:1      | Learned a level 2 spell: Passwall
   598 | D:1      | Found a faded altar of an unknown god.
  1303 | D:2      | Noticed Natasha
  1308 | D:2      | Killed Natasha
  1309 | D:2      | Reached skill level 1 in Conjurations
  1309 | D:2      | Reached skill level 5 in Earth Magic
  1309 | D:2      | Reached XP level 4. HP: 18/24 MP: 2/7
  1467 | D:2      | You pick up a book of Necromancy and begin reading...
  1467 | D:2      | You add the spells Necrotise, Vampiric Draining and Agony
                  | to your library.
  1689 | D:2      | Noticed Robin
  1697 | D:2      | Killed Robin
  2085 | D:3      | HP: 6/24 [something (2)]
  2090 | D:3      | HP: 3/24 [something (2)]
  2092 | D:3      | Reached skill level 2 in Conjurations
  2092 | D:3      | Reached XP level 5. HP: 5/28 MP: 1/9
  2195 | D:3      | Noticed Ijyb
  2220 | D:3      | Killed Ijyb
  2379 | D:3      | Found a stormy altar of Qazlal.
  2524 | D:3      | You pick up a book of Air and begin reading...
  2524 | D:3      | You add the spells Shock, Swiftness and Airstrike to your
                  | library.
  2597 | D:3      | Reached skill level 3 in Spellcasting
  2691 | D:3      | Found a runed translucent door.
  2692 | D:3      | Noticed Crazy Yiuf
  2807 | D:3      | You add the spells Ensorcelled Hibernation, Call Imp,
                  | Monstrous Menagerie and Dragon's Call to your library.
  2807 | D:3      | Got Araelu Boost's Tome of Congelation and Phantasms
  2906 | D:3      | Killed Crazy Yiuf
  2982 | D:4      | Found a broken altar of Ashenzari.
  3004 | D:4      | Reached skill level 3 in Conjurations
  3004 | D:4      | Reached skill level 6 in Earth Magic
  3004 | D:4      | Reached XP level 6. HP: 32/32 MP: 8/10
  3172 | D:4      | Found an opulent altar of Gozag.
  3285 | D:4      | Noticed a hornet
  3290 | D:4      | Killed a hornet
  3291 | D:4      | Reached skill level 4 in Conjurations
  3291 | D:4      | Reached XP level 7. HP: 35/36 MP: 0/12
  3762 | D:4      | Reached skill level 7 in Earth Magic
  3899 | D:5      | Entered Level 5 of the Dungeon
  4001 | D:5      | Reached skill level 4 in Spellcasting
  4001 | D:5      | Reached skill level 5 in Conjurations
  4121 | D:5      | Noticed Duvessa
  4122 | D:5      | Noticed Dowan
  4141 | D:5      | Killed Duvessa
  4142 | D:5      | Reached XP level 8. HP: 15/41 MP: 10/14
  4260 | D:5      | Killed Dowan
  4261 | D:5      | Reached skill level 8 in Earth Magic
  4590 | D:5      | Found a hide-covered altar of Uskayaw.
  4590 | D:5      | Found a snail-covered altar of Cheibriados.
  4590 | D:5      | Found an ornate altar of the Wu Jian Council.
  4590 | D:5      | Found a burning altar of Makhleb.
  4598 | D:5      | Found a glowing silver altar of Zin.
  4603 | D:5      | Found a glowing golden altar of the Shining One.
  4814 | D:6      | You pick up a book of Callings and begin reading...
  4814 | D:6      | You add the spells Summon Small Mammal, Call Canine
                  | Familiar and Summon Guardian Golem to your library.
  4837 | D:6      | Reached skill level 6 in Conjurations
  4963 | D:6      | Found a sacrificial altar of Ru.
  5134 | D:6      | HP: 10/41 [wight/+0 hand axe (4)]
  5136 | D:6      | HP: 4/41 [wight/+4 dagger (7)]
  5139 | D:6      | Reached skill level 9 in Earth Magic
  5405 | D:6      | You add the spells Kindle Blastsparks, Ignite Poison and
                  | Freezing Cloud to your library.
  5516 | D:6      | You add the spells Ozocubu's Armour and Ozocubu's
                  | Refrigeration to your library.
  5774 | D:6      | Learned a level 4 spell: Petrify
  5794 | D:7      | Upgraded the game from 0.30-a0-748-ge6a52f7cba to
                  | 0.30-a0-756-gc2185399d4
  5794 | D:7      | magus.rc [v1.11.3]
  5797 | D:7      | Reached skill level 7 in Conjurations
  5840 | D:7      | You pick up a book of Iron and begin reading...
  5840 | D:7      | You add the spells Animate Armour, Blade Hands and Iron
                  | Shot to your library.
  5908 | D:7      | Reached skill level 5 in Spellcasting
  5908 | D:7      | Reached XP level 9. HP: 45/45 MP: 16/16
  5912 | D:7      | Found a staircase to the Ecumenical Temple.
  5913 | D:7      | Noticed a hornet
  5919 | Temple   | Entered the Ecumenical Temple
  5979 | Temple   | Became a worshipper of Vehumet
  5994 | D:7      | Killed a hornet
  6137 | D:7      | Found an ancient bone altar of Kikubaaqudgha.
  6401 | D:7      | Reached skill level 8 in Conjurations
  6401 | D:7      | Reached skill level 10 in Earth Magic
  6403 | D:7      | Reached * piety under Vehumet
  6403 | D:7      | Offered knowledge of Kiss of Death by Vehumet.
  6746 | D:7      | Found a blossoming altar of Fedhas.
  6776 | D:7      | Noticed an oklob plant
  7160 | D:8      | Noticed a tengu conjurer
  7160 | D:8      | Found the +0 staff of Battle
  7162 | D:8      | Noticed a tengu conjurer
  7188 | D:8      | Found an iron altar of Okawaru.
  7241 | D:8      | Noticed a hornet
  7247 | D:8      | Killed a hornet
  7273 | D:8      | Found a sand-covered staircase.
  7281 | Ossuary  | Entered an ossuary
  7439 | Ossuary  | Reached ** piety under Vehumet
  7439 | Ossuary  | Offered knowledge of Searing Ray by Vehumet.
  7480 | Ossuary  | Reached skill level 9 in Conjurations
  7573 | Ossuary  | Reached skill level 11 in Earth Magic
  7672 | Ossuary  | Noticed Menkaure
  7677 | Ossuary  | Killed Menkaure
  7678 | Ossuary  | Reached skill level 6 in Spellcasting
  7684 | Ossuary  | Reached XP level 10. HP: 50/50 MP: 19/19
  7786 | D:8      | Identified a scroll of acquirement
  7786 | D:8      | Acquired a staff of earth
  7790 | D:8      | magus.rc [v1.11.3]
  8859 | D:9      | Reached skill level 10 in Conjurations
  8910 | D:9      | Offered knowledge of Dazzling Flash by Vehumet.
  8920 | D:9      | Reached skill level 12 in Earth Magic
  8943 | D:9      | Noticed a centaur warrior
  8946 | D:9      | Killed a centaur warrior
  8989 | D:9      | Noticed a boulder beetle
  9080 | D:9      | Identified the +7 scale mail of Canaalua {MP-9 Str+5}
  9397 | D:9      | Noticed a two-headed ogre
  9402 | D:9      | Killed a two-headed ogre
  9403 | D:9      | Reached skill level 7 in Spellcasting
  9403 | D:9      | Reached skill level 11 in Conjurations
  9403 | D:9      | Reached skill level 13 in Earth Magic
  9403 | D:9      | Reached XP level 11. HP: 54/54 MP: 21/21
  9439 | D:9      | Noticed a death yak
  9440 | D:9      | Found a staircase to the Lair.
  9457 | D:9      | Reached *** piety under Vehumet
  9474 | D:9      | Noticed a death yak
  9474 | D:9      | Noticed a death yak
  9488 | D:9      | Killed a death yak
  9493 | D:9      | HP: 11/54 [death yak (21)]
  9494 | D:9      | Killed a death yak
  9657 | D:9      | Offered knowledge of Mephitic Cloud by Vehumet.
  9755 | D:9      | Killed a boulder beetle
  9756 | D:9      | Reached skill level 12 in Conjurations
  9973 | D:9      | Killed a death yak
  9974 | D:9      | Reached skill level 14 in Earth Magic
 10135 | D:9      | Identified the +1 ring mail of Omission {Dex+2}
 10136 | D:9      | You add the spells Sticky Flame and Ignition to your
                  | library.
 10290 | Lair:1   | Entered Level 1 of the Lair of Beasts
 10614 | Lair:1   | Reached skill level 8 in Spellcasting
 10746 | Lair:1   | Reached skill level 13 in Conjurations
 10746 | Lair:1   | Reached skill level 1 in Fighting
 10748 | Lair:1   | Reached skill level 2 in Fighting
 10767 | Lair:1   | Reached skill level 3 in Fighting
 10769 | Lair:1   | Reached XP level 12. HP: 32/66 MP: 13/24
 10770 | Lair:1   | Reached **** piety under Vehumet
 10771 | Lair:1   | Reached skill level 4 in Fighting
 10775 | Lair:1   | HP: 16/66 [komodo dragon (2)]
 10780 | Lair:1   | Reached skill level 5 in Fighting
 11136 | Lair:1   | Reached skill level 6 in Fighting
 11136 | Lair:1   | Offered knowledge of Hailstorm by Vehumet.
 11139 | Lair:1   | Reached skill level 7 in Fighting
 11163 | Lair:1   | Reached skill level 8 in Fighting
 11605 | Lair:2   | Reached skill level 9 in Fighting
 11624 | Lair:2   | You fall into a shaft and drop 1 floor!
 11780 | Lair:3   | Reached skill level 10 in Fighting
 12009 | Lair:3   | Reached ***** piety under Vehumet
 12009 | Lair:3   | Offered knowledge of Lee's Rapid Deconstruction by Vehumet.
 12033 | Lair:3   | Reached skill level 11 in Fighting
 12167 | Lair:3   | magus.rc [v1.11.3]
 12300 | Lair:3   | Reached XP level 13. HP: 71/85 MP: 25/25
 12368 | Lair:2   | Reached skill level 12 in Fighting
 12678 | Lair:2   | Reached skill level 13 in Fighting
 12711 | Lair:2   | HP: 21/88 [rime drake/icy flash freeze (14)]
 12752 | Lair:2   | HP: 18/88 [something/ball of steam (17)]
 13210 | Lair:2   | Reached skill level 14 in Fighting
 13907 | Lair:2   | Learned a level 5 spell: Lee's Rapid Deconstruction
 13914 | Lair:2   | Learned a level 6 spell: Iron Shot
 14086 | Lair:3   | Found a hole to the Spider Nest.
 14491 | Lair:3   | Found a staircase to the Swamp.
 14830 | Lair:4   | Reached skill level 15 in Fighting
 14983 | Lair:4   | Reached skill level 1 in Armour
 14987 | Lair:4   | Reached skill level 2 in Dodging
 14989 | Lair:4   | Reached skill level 2 in Armour
 15165 | Lair:4   | Reached skill level 3 in Armour
 15165 | Lair:4   | Reached skill level 3 in Dodging
 15385 | Lair:4   | Reached skill level 4 in Armour
 15505 | Lair:4   | Found a viscous altar of Jiyva.
 15507 | Lair:4   | Gained mutation: Your large and strong wings let you fly.
                  | [Gargoyle growth]
 15507 | Lair:4   | Reached XP level 14. HP: 98/98 MP: 26/26
 15508 | Lair:4   | Found a staircase to the Slime Pits.
 15518 | Lair:4   | Reached skill level 4 in Dodging
 15740 | Lair:4   | Reached skill level 5 in Armour
 16371 | Lair:5   | Entered Level 5 of the Lair of Beasts
 16398 | Lair:5   | Reached skill level 6 in Armour
 16502 | Lair:5   | Reached skill level 5 in Dodging
 16704 | Lair:5   | Offered knowledge of Starburst by Vehumet.
 16730 | Lair:5   | Reached skill level 7 in Armour
 16914 | Lair:5   | Reached skill level 6 in Dodging
 17024 | Lair:5   | Reached skill level 8 in Armour
 17398 | Lair:5   | Noticed a dire elephant
 17398 | Lair:5   | Noticed a dire elephant
 17398 | Lair:5   | Noticed a dire elephant
 17398 | Lair:5   | Noticed a dire elephant
 17404 | Lair:5   | Noticed a dire elephant
 17412 | Lair:5   | Killed a dire elephant
 17565 | Lair:5   | Noticed a dire elephant
 17583 | Lair:5   | Killed a dire elephant
 17584 | Lair:5   | Reached skill level 7 in Dodging
 17591 | Lair:5   | Reached skill level 9 in Armour
 17637 | Lair:5   | HP: 18/98 [death yak simulacrum (20)]
 17891 | Lair:5   | HP: 24/98 [elephant simulacrum (2)]
 18100 | Lair:5   | Identified the ring "Fuashroip" {rElec rPois rF+}
 18235 | Lair:5   | You pick up a book of the Spheres and begin reading...
 18235 | Lair:5   | You add the spells Iskenderun's Battlesphere, Fireball,
                  | Conjure Ball Lightning and Orb of Destruction to your
                  | library.
 18398 | Lair:5   | Offered knowledge of Arcjolt by Vehumet.
 18407 | Lair:5   | Reached XP level 15. HP: 103/103 MP: 25/27
 18756 | Lair:5   | Reached skill level 10 in Armour
 18870 | Lair:5   | Reached skill level 8 in Dodging
 18879 | Lair:5   | HP: 19/103 [dire elephant (9)]
 18881 | Lair:5   | Mangled by a dire elephant

Vanquished Creatures
  5 dire elephants (Lair:5)
  A ghost crab (Lair:3)
  6 hydras
  A centaur warrior (D:9)
  A catoblepas (Lair:4)
  A two-headed ogre (D:9)
  A boulder beetle (D:9)
  13 death yaks
  A spectral death yak (Lair:5)
  A spectral anaconda (Lair:5)
  A spectral hydra (Lair:3)
  A lindwurm (Lair:2)
  2 necromancers (Lair:5)
  2 black mambas (Lair:2)
  8 elephants (Lair:5)
  3 torpor snails
  13 cane toads
  A dire elephant skeleton (Lair:5)
  An efreet (D:9)
  18 rime drakes
  9 komodo dragons
  A tengu conjurer (D:8)
  A freezing wraith (D:9)
  A queen bee (Lair:3)
  2 meliai
  4 hornets
  16 blink frogs
  4 spectral elephants (Lair:5)
  20 dream sheep (Lair:5)
  5 slime creatures
  A spriggan (Lair:1)
  2 wyverns
  47 yaks
  A basilisk (Lair:4)
  10 steam dragons
  Menkaure (Ossuary)
  2 death yak simulacra (Lair:5)
  A spectral cane toad (Lair:5)
  12 water moccasins
  Duvessa (D:5)
  2 ice beasts
  2 orc warriors
  A spectral polar bear (Lair:3)
  An elephant zombie (Lair:5)
  A black bear (D:7)
  A spectral rime drake (Lair:3)
  41 wolves
  A centaur (D:9)
  An elephant skeleton (Lair:5)
  2 kobold brigands
  2 scorpions
  11 bullfrogs
  A gnoll sergeant (D:9)
  A cane toad simulacrum (Lair:5)
  7 wights (D:6)
  Dowan (D:5)
  An elephant simulacrum (Lair:5)
  37 killer bees
  4 howler monkeys
  2 centaur zombies (Ossuary)
  3 hounds
  A jelly (Lair:4)
  3 orc priests
  A gnoll bouda (D:7)
  Crazy Yiuf (D:3)
  A human zombie (Ossuary)
  Natasha (D:2)
  5 iguanas
  6 orc wizards
  Ijyb (D:3)
  7 hell rats (Lair:2)
  3 ogre zombies (Ossuary)
  7 mummies
  Robin (D:2)
  15 gnolls
  4 adders
  A shadow imp (D:7)
  5 white imps
  3 ufetubi
  3 adder zombies (Ossuary)
  2 dart slugs
  24 orcs
  11 ball pythons
  A bat (D:3)
  6 endoplasms
  2 gnoll zombies (Ossuary)
  7 goblins
  9 hobgoblins
  3 jackals (D:1)
  13 kobolds
  3 frilled lizards
  6 goblin zombies (Ossuary)
  3 hobgoblin zombies (Ossuary)
  A kobold zombie (Ossuary)
  An orc zombie (Ossuary)
  3 quokka zombies (Ossuary)
  6 rats
  5 rat zombies (Ossuary)
520 creatures vanquished.

Vanquished Creatures (others)
  A rime drake (Lair:2)
  A wolf (Lair:1)
  29 fungi
  49 plants
  13 withered plants
93 creatures vanquished.

Grand Total: 613 creatures vanquished

Table legend:
 A = Non-vault XP
 B = Vault XP
 C = Vault XP percentage of total XP
 D = Non-vault monster count
 E = Vault monster count
 F = Vault count percentage of total count
                 A         B        C        D         E       F
            +---------+---------+-------+---------+---------+-------
      Total |   52485 |   40358 |  43.5 |     319 |     202 |  38.8
            +---------+---------+-------+---------+---------+-------
        D:1 |      37 |       6 |  14.0 |      20 |       4 |  16.7
        D:2 |      16 |      64 |  80.0 |      10 |       8 |  44.4
        D:3 |      83 |      72 |  46.5 |      13 |       2 |  13.3
        D:4 |     478 |       0 |   0.0 |      20 |       0 |   0.0
        D:5 |     454 |     205 |  31.1 |      11 |       2 |  15.4
        D:6 |     693 |       0 |   0.0 |      22 |       0 |   0.0
        D:7 |    1200 |       0 |   0.0 |      25 |       0 |   0.0
        D:8 |    1248 |     363 |  22.5 |      20 |       2 |   9.1
        D:9 |    2512 |    7187 |  74.1 |      21 |      21 |  50.0
     Lair:1 |    6669 |    3170 |  32.2 |      34 |      26 |  43.3
     Lair:2 |    3473 |    7713 |  69.0 |      13 |      32 |  71.1
     Lair:3 |    4425 |    4417 |  50.0 |      16 |      33 |  67.3
     Lair:4 |   12748 |     704 |   5.2 |      34 |       4 |  10.5
     Lair:5 |   18449 |   15934 |  46.3 |      60 |      31 |  34.1
    Ossuary |       0 |     523 | 100.0 |       0 |      37 | 100.0
            +---------+---------+-------+---------+---------+-------

Illustrated notes

Table legend:
 A = Kills in this place as a percentage of kills in entire the game.
 B = Kills by you in this place as a percentage of kills by you in the entire game.
 C = Kills by friends in this place as a percentage of kills by friends in the entire game.
 D = Other kills in this place as a percentage of other kills in the entire game.
 E = Experience gained in this place as a percentage of experience gained in the entire game.
 F = Experience gained in this place divided by the number of levels of this place that you have seen.
                   A       B       C       D       E      F
               +-------+-------+-------+-------+-------+----------------------
         Total | 100.0 | 100.0 |   N/A | 100.0 | 100.0 | 5802.7
       Dungeon |  38.6 |  38.7 |   N/A |   0.0 |  15.7 | 1624.2
          Lair |  54.3 |  54.2 |   N/A | 100.0 |  83.7 | 15540.4
       Ossuary |   7.1 |   7.1 |   N/A |   0.0 |   0.6 | 523.0
               +-------+-------+-------+-------+-------+----------------------

Table legend: (Time is in decaauts)
 A = Elapsed time spent in this place.
 B = Non-inter-level travel time spent in this place.
 C = Inter-level travel time spent in this place.
 D = Time resting spent in this place.
 E = Time spent auto-exploring this place.
 F = Levels seen in this place.
 G = Mean time per level.
                   A        B        C        D        E       F      G
               +--------+--------+--------+--------+--------+-----+--------+
         Total |  19185 |  18727 |    458 |    806 |  15119 |  16 | 1199.1 |
       Dungeon |   9864 |   9589 |    275 |    622 |   7501 |   9 | 1096.0 |
        Temple |     69 |     61 |      8 |      0 |     42 |   1 |   69.0 |
          Lair |   8721 |   8546 |    175 |    184 |   7175 |   5 | 1744.2 |
       Ossuary |    529 |    529 |      0 |      0 |    401 |   1 |  529.0 |
               +--------+--------+--------+--------+--------+-----+--------+

Top non-repeatable levels by time:
  Lair:5: 2563 daAuts
  Lair:4: 1823 daAuts
     D:9: 1676 daAuts
  Lair:2: 1648 daAuts
  Lair:3: 1364 daAuts
  Lair:1: 1321 daAuts
     D:7: 1172 daAuts
     D:8: 1113 daAuts
     D:2: 1064 daAuts
     D:6: 1058 daAuts
     D:3: 985 daAuts
     D:1: 974 daAuts
     D:4: 938 daAuts
     D:5: 881 daAuts
 Ossuary: 529 daAuts
